 Dungeon Crawl Stone Soup version 0.29-a0-472-ge5599a681e (webtiles) character file.

Game seed: 17996680350761631183

116 Pelinal the Digger (level 5, 0/28 HPs)
             Began as a Gargoyle Earth Elementalist on May 23, 2022.
             Slain by an iguana (10 damage)
             ... on level 3 of the Dungeon.
             The game lasted 00:04:44 (3599 turns).

Pelinal the Digger (Gargoyle Earth Elementalist)    Turns: 3599, Time: 00:04:45

Health: 0/28       AC:  6    Str: 12    XL:     5   Next: 1%
Magic:  6/8        EV: 12    Int: 17    God:
Gold:   223        SH:  0    Dex: 10    Spells: 5/8 levels left

rFire   . . .      SeeInvis .   b - +0 hunting sling
rCold   . . .      Faith    .   (no shield)
rNeg    + . .      Spirit   .   d - +0 robe
rPois   ∞          Reflect  .   (no helmet)
rElec   +          Harm     .   (no cloak)
rCorr   .          Rampage  .   (no gloves)
Will    .....                   (no boots)
Stlth   ++........              (no amulet)
HPRegen 0.09/turn               (no ring)
MPRegen 0.11/turn               (no ring)

@: no status effects
A: sickness immunity, AC +4, negative energy resistance 1, electricity
resistance, torment resistance 1, petrification resistance
a: no special abilities


You were on level 3 of the Dungeon.
You visited 1 branch of the dungeon, and saw 4 of its levels.

You collected 223 gold pieces.

Inventory:

Hand Weapons
 a - a +1 dagger
 b - a +0 hunting sling (weapon)
Missiles
 e - 60 stones
Armour
 d - a +0 robe (worn)
Wands
 g - a wand of iceblast (9)
 q - a wand of flame (18)
Scrolls
 i - 2 scrolls of enchant weapon
 j - 3 scrolls of teleportation
 k - a scroll of fear {unknown}
 n - 2 scrolls of identify
 s - a scroll of magic mapping {unknown}
Potions
 c - 2 potions of magic
 f - 2 potions of cancellation
 h - a potion of flight
 l - a potion of berserk rage
 m - 2 potions of curing
 o - a potion of ambrosia {unknown}
 p - 3 potions of might {unknown}
 r - 2 potions of degeneration {unknown}
 t - a potion of attraction {unknown}


   Skills:
 - Level 1.7 Dodging
 + Level 3.4 Stealth
 - Level 2.1 Spellcasting
 + Level 1.9 Transmutations
 * Level 5.2 Earth Magic


You had 5 spell levels left.
You knew the following spells:

 Your Spells              Type           Power      Damage    Failure   Level
a - Sandblast             Erth           38%        2d10      2%          1
A - Passwall              Tmut/Erth      10%        N/A       7%          2

Your spell library contained the following spells:

 Spells                   Type           Power      Damage    Failure   Level
 Stone Arrow              Conj/Erth      20%        3d8       21%         3
 Petrify                  Tmut/Erth      13%        N/A       41%         4


Dungeon Overview and Level Annotations

Branches:
Dungeon (4/15)
 Temple: D:4-7

Altars:
Makhleb

Annotations:
D:4 1 runed translucent door, Dowan; jejorda2's ghost, weakling MfFi


Innate Abilities, Weirdness & Mutations

You are immune to sickness and miasma.
Your stone body is resilient. (AC +4)
You are immune to poison.
You resist negative energy. (rN+)
You are resistant to electric shocks. (rElec)
You are resistant to unholy torment.
You are immune to petrification.


Message History

HP restored.
Found a stone staircase leading up.
An iguana comes into view.
An iguana is nearby!
You shoot a sling bullet. The sling bullet hits the iguana.
The iguana hisses angrily.
The iguana is moderately wounded.
You hear a shout! x2
You shoot a sling bullet. The sling bullet hits the iguana.
The iguana is moderately wounded.
Dowan, Brother of Duvessa comes into view.
He is wielding a +0 dagger.
The iguana hisses menacingly.
You shoot a sling bullet.
The sling bullet completely misses the iguana.
Dowan drinks a potion.
Dowan suddenly seems more resistant.
Unknown command.
There is a stone staircase leading up here.
The iguana bites you!
You climb upwards.
There is a stone staircase leading down here.
Unknown command.
Casting: Sandblast (safe; 2% risk of failure)
Confirm with . or Enter, or press ? or * to list all spells.
Aiming: Sandblast (safe; 2% risk of failure)
Press: ? - help, Shift-Dir - straight line, f - iguana
Aim: an iguana (moderately wounded, 82% to hit)
The blast of sand hits the iguana but does no damage.
The iguana is moderately wounded.
e - 61 stones The iguana bites you!
Casting: Sandblast (safe; 2% risk of failure)
Confirm with . or Enter, or press ? or * to list all spells.
Aiming: Sandblast (safe; 2% risk of failure)
Press: ? - help, Shift-Dir - straight line, f/p - iguana
Aim: an iguana (moderately wounded, 82% to hit)
The blast of sand hits the iguana!
The iguana is almost dead.
e - 60 stones The iguana bites you!
You die...

#...≈)≈≈..#####.#####.#.#.#
#....≈≈≈≈.###.....# #.....#
#...≈≈≈≈#...#.....#
###.#####
#..≈#≈≈≈#.#.#.....#
#...<...#
#...#≈≈≈#.#.#.....#
#...##..#
#...##≈≈#.#.#.....#
#...##..#
######≈≈#...#######
#.......# #≈≈##........#
#..##...# #≈###.l@####.#
#..##...# ###.####.#
#.......# #........#
#####.###
###.####.#######.#
#.####.....†...#
#......######### ########


You could see an iguana.

Vanquished Creatures
  6 adders
  An ufetubus (D:4)
  A worm (D:3)
  An orc (D:3)
  4 ball pythons
  2 bats
  5 endoplasms
  A giant cockroach (D:2)
  4 goblins
  5 hobgoblins
  7 jackals
  4 quokkas
  2 frilled lizards (D:3)
  3 kobolds
  6 rats
52 creatures vanquished.

Vanquished Creatures (others)
  6 plants (D:3)
6 creatures vanquished.

Grand Total: 58 creatures vanquished

Notes
Turn   | Place    | Note
-------+----------+-------------------------------------------
     0 | D:1      | Pelinal the Gargoyle Earth Elementalist began the quest for
                  | the Orb.
     0 | D:1      | Reached XP level 1. HP: 10/10 MP: 3/3
   246 | D:1      | Reached skill level 1 in Transmutations
   246 | D:1      | Reached XP level 2. HP: 14/15 MP: 3/5
   326 | D:1      | Found a faded altar of an unknown god.
   896 | D:1      | Reached skill level 4 in Earth Magic
  1546 | D:1      | Reached XP level 3. HP: 19/19 MP: 6/6
  1809 | D:2      | Reached XP level 4. HP: 24/24 MP: 5/7
  2525 | D:3      | Learned a level 2 spell: Passwall
  2816 | D:3      | Reached skill level 5 in Earth Magic
  2852 | D:3      | Found a burning altar of Makhleb.
  3548 | D:4      | Found a runed translucent door.
  3551 | D:4      | Noticed jejorda2's ghost (weakling MfFi)
  3560 | D:4      | Reached XP level 5. HP: 26/28 MP: 6/8
  3590 | D:4      | Noticed Dowan
  3599 | D:3      | Slain by an iguana

Illustrated notes

Levels and vault maps discovered:
D:1:      sevenhm_arrival_forest_fort_small_4, layout_basic,
          chequers_ecumenical_altar_island, serial_forest,
          infiniplex_forest_join, infiniplex_forest_straight_3,
          infiniplex_forest_lined_2, infiniplex_forest_straight_3,
          infiniplex_forest_straight_3, infiniplex_forest_clump_tiny,
          infiniplex_forest_clump_long, grunt_decor_fettered,
          grunt_decor_resistance, chequers_jeans
D:2:      layout_basic, chequers_serial_rivers_micro_d,
          nicolae_elevator_lobby_plus
D:3:      layout_loops_cross, lightli_temple_of_fire, chequers_big_river,
          grunt_ministairs_3
D:4:      layout_basic, ebering_ghost_sewer_f, minmay_misc_feat_tower,
          uniq_duvessa, uniq_natasha

Skill      XL: |  1  2  3  4 |
---------------+-------------+-----
Transmutations | 1 |  1.9
Earth Magic    | 4 5 |  5.2
Stealth        | 3 |  3.4
Dodging        | |  1.7
Spellcasting   | |  2.1

Action                   |  1- 3 |  4- 6 || total
-------------------------+-------+-------++-------
Melee: Unarmed           |     7 |       ||     7
       Whip              |     5 |       ||     5
       Dagger            |     8 |     1 ||     9
 Fire: Hunting sling     |    27 |    49 ||    76
 Cast: Sandblast         |    35 |    29 ||    64
  Use: Potion            |     1 |       ||     1
       Scroll            |     5 |     1 ||     6
 Stab: Sleeping          |     1 |       ||     1
Armor: Robe              |    12 |     4 ||    16
Dodge: Dodged            |    29 |    10 ||    39

Table legend: (Time is in decaauts)
 A = Elapsed time spent in this place.
 B = Non-inter-level travel time spent in this place.
 C = Inter-level travel time spent in this place.
 D = Time resting spent in this place.
 E = Time spent auto-exploring this place.
 F = Levels seen in this place.
 G = Mean time per level.
                   A        B        C        D        E       F      G
               +--------+--------+--------+--------+--------+-----+--------+
         Total |   3644 |   3529 |    115 |    422 |   2714 |   4 |  911.0 |
       Dungeon |   3644 |   3529 |    115 |    422 |   2714 |   4 |  911.0 |
               +--------+--------+--------+--------+--------+-----+--------+

Top non-repeatable levels by time:
     D:1: 1612 daAuts
     D:3: 999 daAuts
     D:2: 910 daAuts
     D:4: 122 daAuts
